Map: Dusk Towers

Players

RadekDaNa

  • Race: Zerg Zerg
  • League: Grandmaster

Miszu - Winner!

  • Race: Terran Terran
  • League: Master

VOD

Have the link to the VOD?

Description

Time

  • Played on: March 13, 2016, 1:21 p.m.
  • Length: 12:42
Show
View Real Time Build Order
Export as new Build Order

RadekDaNa Zerg 

Build Orders: Pool First 

Get SALT Encoding   

  12  0:01  Drone  
  13  0:12  Overlord  
  13  0:17  Drone  
  14  0:30  Drone x2  
  14  0:35  Drone  
  17  0:45  Spawning Pool  
  17  0:47  Drone  
  17  0:56  Drone  
  18  1:01  Extractor  
  17  1:07  Drone  
  18  1:19  Hatchery  
  17  1:31  Queen  
  17  1:32  Zergling x4  
  21  1:39  Overlord  
  21  1:49  Drone  
  22  2:00  Drone  
  23  2:07  Queen  
  25  2:11  Drone  
  26  2:21  Drone  
  27  2:30  Drone  
  27  2:31  Lair  
  27  2:33  Drone  
  29  2:38  Drone x2  
  29  2:39  Drone  
  31  2:44  Queen  
  31  2:46  Overlord  
  31  2:49  Drone  
  33  2:53  Drone  
  33  2:56  Drone  
  35  3:04  Drone  
  36  3:07  Drone  
  36  3:11  Drone x3  
  40  3:19  Drone  
  40  3:20  Drone x3  
  43  3:32  Queen  
  43  3:33  Spire  
  44  3:34  Overlord  
  44  3:37  Extractor  
  44  3:39  Extractor x2, Drone  
  42  3:41  Drone  
  42  3:43  Drone  
  42  3:48  Overlord  
  44  3:53  Drone x3  
  44  3:54  Drone  
  48  3:56  Drone  
  48  3:57  Drone  
  48  4:00  Drone  
  51  4:03  Drone  
  52  4:11  Drone  
  52  4:13  Drone  
  54  4:20  Overlord  
  54  4:27  Hatchery  
  54  4:29  Overlord  
  53  4:34  Roach Warren  
  52  4:44  Mutalisk x4  
  60  4:48  Mutalisk x2  
  60  4:52  Overlord  
  64  4:54  Drone  
  64  4:58  Drone, Evolution Chamber  
  65  5:01  Evolution Chamber  
  65  5:05  Mutalisk  
  66  5:07  Mutalisk  
  66  5:11  Overlord  
  66  5:13  Drone  
  69  5:14  Drone  
  69  5:20  Drone  
  71  5:21  Drone x2  
  71  5:22  Drone  
  71  5:23  Drone  
  71  5:24  Drone  
  76  5:30  Overlord  
  76  5:31  Zerg Missile Weapons Level 1  
  76  5:36  Zerg Ground Armor Level 1  
  76  5:38  Drone  
  77  5:44  Drone x3  
  77  5:45  Drone  
  81  5:50  Overlord, Drone  
  81  5:51  Drone x2  
  81  5:53  Drone  
  81  5:55  Extractor  
  81  5:56  Drone  
  85  6:00  Overlord  
  83  6:04  Drone  
  83  6:05  Drone x2  
  83  6:06  Extractor  
  83  6:07  Drone  
  86  6:13  Drone x3  
  89  6:19  Roach x4  
  89  6:22  Overlord  
  89  6:24  Glial Reconstitution  
  97  6:26  Drone  
  97  6:28  Roach x2  
  97  6:29  Roach x2  
  97  6:32  Overlord  
  106  6:34  Roach x2  
  110  6:41  Roach x2  
  110  6:42  Roach  
  116  6:53  Ravager  
  116  6:54  Ravager x2  
  119  6:55  Ravager  
  119  6:56  Overlord, Ravager  
  119  6:57  Roach x4  
  119  6:58  Hatchery  
  128  7:02  Overlord  
  128  7:03  Overlord  
  128  7:12  Roach  
  128  7:14  Overlord x2  
  128  7:15  Overlord  
  130  7:17  Roach x4  
  138  7:25  Ravager x2  
  138  7:26  Roach x6  
  138  7:29  Zerg Missile Weapons Level 2  
  152  7:45  Roach x10  
  172  7:55  Infestation Pit  
  172  7:56  Zerg Ground Armor Level 2  
  171  8:00  Overlord  
  171  8:06  Roach x3  
  177  8:13  Overlord  
  177  8:14  Drone x2  
  177  8:15  Drone x3  
  182  8:24  Roach x6  
  191  8:29  Overlord  
  191  8:30  Overlord  
  192  8:34  Drone  
  192  8:38  Drone  
  192  8:40  Drone  
  192  8:41  Drone x3  
  196  8:42  Overlord  
  197  8:49  Hive  
  152  9:10  Roach x2  
  152  9:11  Roach x17  
  152  9:14  Roach x2  
  138  9:29  Overlord  
  138  9:30  Roach x6  
  150  9:36  Roach x3  
  156  9:46  Roach  
  156  9:47  Roach x5  
  156  9:51  Ravager x2  
  156  9:52  Ravager x5  
  173  9:55  Extractor x2, Zergling x16  
  173  9:56  Metabolic Boost  
  173  9:59  Roach x2  
  183  10:05  Roach x4  
  191  10:10  Roach  
  191  10:11  Roach x3  
  199  10:30  Ultralisk Cavern  
  199  10:33  Roach  
  200  10:46  Zerg Melee Weapons Level 1  
  162  11:27  Ultralisk  
  162  11:28  Ultralisk x3  
  136  11:37  Zergling x34, Ultralisk  
  157  11:42  Drone x2  
  157  11:43  Drone  
  160  11:49  Zergling x14  
  160  11:50  Zergling x16  
  170  11:58  Ultralisk  
  164  12:01  Zergling x6  
  164  12:05  Hatchery  
  165  12:11  Zergling x6  
  156  12:16  Zergling x2  
  156  12:17  Zergling x2  
  156  12:18  Zergling x2  
  138  12:24  Zergling x14  
Show
View Real Time Build Order
Export as new Build Order

Miszu Terran - Winner!

Build Orders: MMM Bio 

Get SALT Encoding   

  12  0:00  SCV  
  13  0:12  SCV  
  14  0:17  Supply Depot  
  14  0:24  SCV  
  15  0:39  SCV  
  15  0:40  Barracks  
  16  0:44  Refinery  
  16  0:51  SCV  
  17  1:03  SCV  
  18  1:15  SCV  
  19  1:28  Orbital Command  
  19  1:29  Barracks Reactor  
  19  1:37  Command Center  
  19  1:46  Supply Depot  
  19  1:53  SCV  
  20  2:05  SCV  
  20  2:06  Reaper x2  
  23  2:17  SCV  
  24  2:25  Command Center  
  25  2:30  SCV  
  25  2:42  SCV  
  26  2:49  Reaper x2  
  26  2:51  Orbital Command  
  28  2:54  SCV  
  29  3:05  Refinery  
  29  3:08  Barracks  
  29  3:09  Barracks  
  29  3:11  SCV  
  30  3:23  SCV  
  30  3:24  Reaper x2  
  30  3:26  SCV  
  34  3:35  SCV  
  34  3:37  Orbital Command  
  34  3:38  SCV  
  36  3:47  SCV  
  37  3:50  SCV  
  37  3:55  Barracks Tech Lab  
  38  3:56  Marine x2, Barracks Tech Lab  
  38  3:59  Factory, SCV  
  38  4:02  SCV  
  42  4:10  Engineering Bay  
  42  4:11  Engineering Bay, Refinery  
  42  4:12  Refinery, SCV  
  42  4:14  Marine, SCV  
  45  4:20  Stimpack  
  45  4:23  Marine  
  45  4:24  Marine, SCV  
  47  4:25  Marine  
  47  4:26  SCV  
  50  4:36  SCV  
  50  4:37  Supply Depot, Marine  
  50  4:38  SCV, Orbital Command  
  52  4:41  Marine x2  
  52  4:43  Terran Infantry Armor Level 1  
  55  4:46  Terran Infantry Weapons Level 1  
  55  4:48  SCV  
  55  4:50  SCV  
  57  4:57  Missile Turret  
  57  4:59  Missile Turret  
  57  5:00  SCV  
  57  5:03  Marine, SCV  
  57  5:05  SCV  
  57  5:06  Missile Turret  
  61  5:12  SCV  
  61  5:13  Starport  
  62  5:14  Factory Reactor  
  62  5:15  SCV  
  62  5:17  SCV  
  64  5:23  Supply Depot  
  64  5:24  SCV  
  64  5:25  Supply Depot  
  64  5:27  SCV  
  66  5:29  SCV, Combat Shields  
  66  5:32  Marine  
  66  5:33  Marine  
  69  5:41  Supply Depot  
  69  5:44  Marine, SCV  
  69  5:45  SCV x2  
  71  5:51  Supply Depot  
  71  5:53  Marine x3  
  71  5:56  SCV  
  75  5:57  SCV x2  
  75  6:00  Supply Depot  
  75  6:01  Factory Tech Lab  
  75  6:02  Marine  
  77  6:12  Marine x3, Medivac, SCV x3  
  77  6:18  Supply Depot x2  
  85  6:21  Marine, Medivac  
  85  6:24  SCV x3  
  88  6:30  Marine x3  
  91  6:32  Armory  
  91  6:36  Barracks, SCV x2  
  91  6:38  Barracks  
  91  6:39  SCV  
  95  6:40  Supply Depot  
  95  6:48  Marine x2  
  95  6:49  SCV x2  
  95  6:51  Marauder x2, SCV  
  95  6:53  Medivac x2  
  107  6:54  Supply Depot  
  107  7:01  SCV x2  
  109  7:02  Siege Tank  
  109  7:04  Supply Depot  
  112  7:11  Marine x2  
  112  7:13  Marauder  
  116  7:16  Marauder, SCV  
  116  7:19  Terran Infantry Armor Level 2, Refinery, Terran Infantry Weapons Level 2  
  119  7:22  Medivac  
  119  7:24  Barracks Reactor  
  119  7:25  Barracks Tech Lab  
  119  7:27  Supply Depot x2  
  119  7:29  Marine x2, Barracks  
  123  7:34  Marauder  
  125  7:37  Marauder  
  125  7:47  Marine x2  
  127  7:55  Marine  
  127  7:56  Marauder  
  127  7:57  Medivac x2, Siege Tank  
  136  7:59  Marauder  
  136  8:02  Supply Depot x2  
  136  8:03  Marine x2  
  136  8:04  Supply Depot, Marine  
  136  8:05  Marine, SCV x2  
  144  8:07  Refinery  
  144  8:09  SCV  
  145  8:13  Supply Depot  
  145  8:14  Marauder  
  145  8:17  Marine, SCV x2  
  149  8:23  Marine x2  
  149  8:24  Marine, Marauder  
  149  8:26  Marine  
  153  8:33  Siege Tank  
  156  8:35  Medivac x2, Marauder x2  
  156  8:37  Barracks Tech Lab  
  156  8:39  Supply Depot  
  156  8:41  Supply Depot, Marine, Reaper  
  163  8:42  Marine  
  163  8:43  Marine  
  163  8:45  Marauder  
  169  8:54  Terran Vehicle Weapons Level 1  
  171  8:55  Marauder  
  171  8:56  Marauder  
  171  8:57  Marauder  
  171  8:59  Marine  
  171  9:00  Marine  
  156  9:15  Marine, Marauder  
  156  9:16  Marine x2  
  146  9:17  Marauder  
  146  9:18  Marine x2, Marauder  
  146  9:22  Medivac x2, Siege Tank  
  152  9:33  Marine x2  
  152  9:34  Marine  
  152  9:35  Marine  
  152  9:36  Command Center, Marine x2, Barracks  
  152  9:38  Marine x2, Barracks  
  157  9:39  Barracks  
  153  9:51  Marine x2  
  153  9:52  Marine  
  152  9:54  Marine, Marauder x2  
  152  9:56  Marine, Marauder  
  159  10:08  Command Center  
  159  10:09  Marine x2  
  159  10:10  Marine  
  159  10:11  Marine  
  161  10:15  Marauder x2  
  161  10:16  Marauder  
  161  10:17  Marine  
  168  10:26  Marine  
  168  10:27  Marine  
  168  10:28  Marine  
  167  10:29  Marine  
  167  10:35  Marine x2  
  167  10:36  Marine x2  
  167  10:37  Medivac x2, Siege Tank  
  177  10:44  Marine  
  177  10:45  Marine x2  
  177  10:47  Marine  
  177  10:49  Barracks Tech Lab  
  181  10:50  Barracks Tech Lab  
  181  10:53  Marauder  
  181  10:54  Marine, Barracks Tech Lab, Marauder x2  
  188  11:02  Marine  
  188  11:04  Marine x2  
  190  11:05  Marine  
  190  11:07  Medivac x2  
  190  11:09  Marine  
  197  11:15  Marine, Marauder  
  200  11:22  Marauder, Liberator  
  200  11:23  Marauder  
  200  11:24  Siege Tank, Liberator  
  200  11:25  Missile Turret x2  
  190  11:27  Marine x4, Marauder x2, Missile Turret  
  190  11:28  Marine  
  165  11:32  Marine  
  165  11:35  Marine  
  169  11:42  Marine  
  169  11:44  Marine  
  169  11:45  Marine x5  
  176  11:48  Marine x2  
  176  11:51  Marauder  
  176  11:53  Marine  
  181  12:00  Marine  
  180  12:02  Marine  
  180  12:03  Marine, Marauder  
  180  12:04  Marine, Marauder  
  180  12:06  Marauder x2  
  191  12:12  Marauder  
  159  12:23  Marine  
Tags
 
Add a new tag
Caveats
  • Supply blocks, unpowered buildings, or Contaminate may cause inaccurate times.
  • Supply counts are checked every 10 seconds.